 Seeded DCSS version 0.30.1-3-gfc49f6343a (webtiles) character file.

Game seed: 10268835917846980417 (custom seed)

97 Cheops the Ruffian (level 4, 0/44 HPs)
             Began as a Troll Fighter on Aug 3, 2023.
             Splashed by a jelly's acid (10 damage)
             ... on level 5 of the Dungeon on Aug 5, 2023.
             The game lasted 00:07:07 (1279 turns).

Cheops the Ruffian (Troll Fighter)                  Turns: 1279, Time: 00:07:08

Health: 0/44       AC: -7    Str: 24    XL:     4   Next: 42%
Magic:  3/3        EV:  8    Int:  6    God:
Gold:   73         SH:  7    Dex:  9    Spells: 3/3 levels left

rFire   . .          .
                       - Unarmed
rCold   . . .        b - +0 kite shield
rNeg    . . .        a - +0 robe
rPois   .            h - +1 hat
rElec   .            (no cloak)
rCorr   .            (gloves unavailable)
SInv    .            (boots unavailable)
Will    .....        d - amulet of the acrobat
Stlth   +            (no ring)
HPRegen 1.07/turn    (no ring)
MPRegen 0.08/turn

%: acrobat
@: corroded
A: large, unfitting armour, claws 3, regeneration 1, shaggy fur 1, tough skin 1
a: no special abilities


You were on level 5 of the Dungeon.
You visited 1 branch of the dungeon, and saw 5 of its levels.

You collected 73 gold pieces.

Inventory:

Armour
 a - a +0 robe (worn)
 b - a +0 kite shield (worn)
 h - a +1 hat (worn)
Jewellery
 d - an amulet of the acrobat (around neck)
Scrolls
 e - 3 scrolls of immolation {unknown}
 f - 2 scrolls of identify {unknown}
 g - a scroll of noise {unknown}
 k - a scroll of teleportation {unknown}
 l - a scroll of blinking {unknown}
 n - a scroll of enchant armour {unknown}
Potions
 c - 2 potions of might
 i - 3 potions of heal wounds {unknown}
 j - 4 potions of curing {unknown}
 m - a potion of cancellation {unknown}


   Skills:
 - Level 2.5 Fighting
 - Level 2.5 Dodging
 - Level 2.8 Shields
 + Level 4.3 Unarmed Combat


You had 3 spell levels left.
You didn't know any spells.
Your spell library contained the following spells:

 Spells                   Type           Power      Damage    Failure   Level
 Ensorcelled Hibernation  Hex/Ice        0%         N/A       86%         2
 Spider Form              Tmut/Pois      0%         N/A       97%         3
 Anguish                  Hex/Necr       0%         N/A       100%        4


Dungeon Overview and Level Annotations

Branches:
Dungeon (6/15)
 Temple: D:4-7

Altars:
Elyvilon
Uskayaw
Xom

Shops:
D:2 !


Innate Abilities, Weirdness & Mutations

You are too large for most types of armour.
You have claws for hands.
Your natural rate of healing is unusually fast.
You are covered in fur. (AC +1)
You have tough skin. (AC +1)


Message History

You open the door.
There is an open door here.
You open the door.
There is an open door here.
You open the door.
There is an open door here.
Found a hide-covered altar of Uskayaw.
Found a stone staircase leading up.
(D) Dungeon
Where to? (Enter - D:5, ? - help)
There is a stone staircase leading up here.
You climb upwards.
Found 8 gold pieces and a spear.
There is a stone staircase leading down here.
A jelly is nearby!
You scratch the jelly.
Your claws burn!
The jelly is lightly wounded.
The jelly barely misses you.
You claw the jelly! The acid corrodes you!
Your claws burn!
The jelly is almost dead.
The jelly hits you. The acid corrodes you!
You are splashed with acid!
You scratch the jelly. The acid corrodes you!
Your claws burn!
The jelly is almost dead.
The jelly hits you.
You are splashed with acid!
* * * LOW HITPOINT WARNING * * *
You are too injured to fight recklessly!
You are too injured to fight recklessly!
You are too injured to fight recklessly!
You scratch the jelly but do no damage.
Your claws burn!
* * * LOW HITPOINT WARNING * * *
The jelly is almost dead.
The jelly hits you.
* * * LOW HITPOINT WARNING * * *
You are splashed with acid!
* * * LOW HITPOINT WARNING * * *
You barely miss the jelly.
The jelly is almost dead.
The jelly hits you.
* * * LOW HITPOINT WARNING * * *
You are splashed with acid!
You die...

#.).....###
#.........
#........#
###........#
.........#
#......$#
#....J..####
#@.......
#####.###


You could see a jelly.

Vanquished Creatures
  4 adders (D:2)
  3 dart slugs
  3 bats (D:1)
  5 endoplasms
  2 giant cockroaches
  7 goblins
  A hobgoblin (D:1)
  2 jackals (D:1)
  5 kobolds
  4 quokkas
  5 ball pythons
  3 frilled lizards
  9 rats
53 creatures vanquished.

Notes
Turn   | Place    | Note
-------+----------+-------------------------------------------
     0 | D:1      | Cheops the Troll Fighter began the quest for the Orb.
     0 | D:1      | Reached XP level 1. HP: 22/22 MP: 0/0
    77 | D:1      | Reached XP level 2. HP: 29/29 MP: 1/1
   275 | D:2      | Reached skill level 3 in Unarmed Combat
   275 | D:2      | Reached XP level 3. HP: 33/36 MP: 2/2
   297 | D:2      | Found a white marble altar of Elyvilon.
   329 | D:2      | Found Nywunuuj's Distillery.
   458 | D:1      | Reached XP level 4. HP: 44/44 MP: 3/3
   463 | D:1      | Reached skill level 4 in Unarmed Combat
  1180 | D:3      | You fall into a shaft and drop 3 floors!
  1194 | D:6      | Found a shimmering altar of Xom.
  1266 | D:6      | Found a hide-covered altar of Uskayaw.
  1274 | D:5      | Entered Level 5 of the Dungeon
  1279 | D:5      | Splashed by a jelly's acid

Illustrated notes

Levels and vault maps discovered:
D:1:      psy_arrival_dodecagon, layout_rooms, minmay_cupped
D:2:      layout_basic, serial_shops, nicolae_shop_getting_attention,
          basic_altar, minmay_misc_feat_alley, nrook_uturn, minmay_door_square,
          minmay_bisected
D:3:      layout_basic, overflow_temple_1_default, uniq_jessica
D:5:      layout_basic, mainiacjoe_overflow_six_doors_small,
          minmay_temple_entry_tees, serial_shops, nicolae_shop_tiny_waterfront
D:6:      layout_rooms, fedhas_altar_1, mainiacjoe_overflow_24_doors,
          mainiacjoe_overflow_alcove_1, mainiacjoe_overflow_cross_hatched,
          minmay_misc_feat_room, uniq_grinder

Skill      XL: |  1  2  3  4 |
---------------+-------------+-----
Unarmed Combat | 3 4 |  4.3
Fighting       | |  2.5
Dodging        | |  2.5
Shields        | |  2.8

Action                     |  1- 3 |  4- 6 || total
---------------------------+-------+-------++-------
  Melee: Unarmed           |   111 |    43 ||   154
   Stab: Sleeping          |     1 |       ||     1
 Armour: Robe              |    35 |     7 ||    42
  Dodge: Dodged            |    41 |    11 ||    52
  Block: Kite shield       |    44 |    22 ||    66
